 Dungeon Crawl Stone Soup version 0.32-a0-975-g85d4e5bfdb (webtiles) character file.

Game seed: 14541635244286577259

1433323 EnegeticOcto the Coglin Ballista (level 27, 230/230 (235) HPs)
             Began as a Coglin Reaver on Apr 18, 2024.
             Was the Champion of Ru.
             Escaped with the Orb
             ... and 3 runes on Apr 19, 2024!
             The game lasted 02:26:46 (95075 turns).

EnegeticOcto the Coglin Ballista (Coglin Reaver)   Turns: 95075, Time: 02:26:47

HP:   230/230 (235) AC: 41    Str: 22    XL:     27
MP:   23/23         EV:  5    Int: 15    God:    Ru [******]
Gold: 1835          SH:  0    Dex: 15    Spells: 29/29 levels left

rFire   + + .        p - +9 demon whip (chaos) {Yan}
rCold   + . .        n - +0 demon whip of Duibutt {venom, rElec rF+ Will++}
rNeg    . . .        b - +5 gold dragon scales
rPois   +            Z - +2 helmet {SInv}
rElec   +            y - +4 dragonskin cloak {Aegis}
rCorr   +            m - +2 pair of gloves of Hikhased {Will+ Dex+2}
SInv    +            K - +2 pair of boots
Will    +++++        (amulet unavailable) Stlth
                     (ring unavailable)
HPRegen 0.58/turn    (ring unavailable)
MPRegen 0.18/turn    E - recursive booster {rPois rCorr Slay+3 Clar RMsl}

%: repel missiles, clarity
@: studying 2 skills, lightly drained
A: inhibited regeneration, inability to drink after injury 2, inability to read
after injury 2, no stealth, inability to train dodging, no air magic, no
necromancy magic, no alchemy magic, off-hand wielding, slow wielding, warmup
strikes, no jewellery, iridescent scales 1, deformed body, low MP 1,
strong-willed 1, weak 1, persistent drain
0: Orb of Zot
}: 3/15 runes: decaying, serpentine, silver
a: Renounce Religion, Draw Out Power, Power Leap, Apocalypse


You escaped.
You worshipped Ru.
Ru was exalted by your worship.
You visited 10 branches of the dungeon, and saw 48 of its levels.
You visited the Abyss 1 time.
You visited 1 bazaar.
You also visited: Sewer, Bailey and Gauntlet.

You collected 8383 gold pieces.
You spent 6548 gold pieces at shops.

Inventory:

Hand Weapons
 n - the +0 demon whip of Duibutt (offhand) {venom, rElec rF+ Will++}
   (You acquired it in a bailey)

   rF+:       It protects you from fire.
   rElec:     It insulates you from electricity.
   Will++:    It greatly increases your willpower.
 p - a +9 demon whip of chaos (weapon) {Yan}
   (You took it off a spriggan defender on level 3 of the Depths)
Missiles
 u - 3 throwing nets {!f}
 H - 6 curare-tipped darts
 U - 21 javelins
 W - 26 boomerangs (quivered)
 Y - 7 silver javelins
Armour
 b - +5 gold dragon scales (worn)
   (You found it on level 5 of the Vaults)
 m - the +2 pair of gloves of Hikhased (worn) {Will+ Dex+2}
   (You found it in a Gauntlet)

   Dex+2:     It affects your dexterity (+2).
   Will+:     It increases your willpower.
 y - the +4 dragonskin cloak (worn) {Aegis}
   (You found it on level 3 of the Realm of Zot)

   Avatar's Aegis: It grants the wearer a chance to resist fire, cold, poison,
   electricity, acid, and negative energy.
 K - a +2 pair of boots (worn)
   (You bought it in a shop on level 6 of the Dungeon)
 Z - a +2 helmet of see invisible (worn)
   (You found it on level 3 of the Elven Halls)
Gizmo
 E - a recursive booster (installed) {rPois rCorr Slay+3 Clar RMsl}
   (You invented it yourself on level 4 of the Lair of Beasts)

   [recursive booster]

   Slay+3:    It affects your accuracy & damage with ranged weapons and melee
   (+3).
   rPois:     It protects you from poison.
   Clar:      It protects you from confusion, rage, mesmerisation and fear.
   RMsl:      It protects you from missiles.
   rCorr:     It protects you from acid and corrosion.
Wands
 d - a wand of polymorph (13)
   (You found it on level 4 of the Lair of Beasts)
 e - a wand of flame (117) {@v4}
   (You found it on level 6 of the Dungeon)
 k - a wand of iceblast (22) {@v2}
   (You found it on level 7 of the Dungeon)
 q - a wand of charming (57)
   (You found it on level 8 of the Dungeon)
 J - a wand of light (25) {@v1}
   (You found it on level 9 of the Dungeon)
 M - a wand of mindburst (29)
   (You found it on level 11 of the Dungeon)
 X - a wand of digging (9) {@v3}
   (You found it on level 2 of the Snake Pit)
Scrolls
 f - 21 scrolls of teleportation {@r3 !r}
 g - 5 scrolls of summoning {!r}
 h - a scroll of blinking {@r4}
 r - 6 scrolls of vulnerability
 s - 2 scrolls of torment
 t - 4 scrolls of poison {!r}
 A - a scroll of revelation {@r5 !r}
 B - 5 scrolls of fear {!r}
 D - 3 scrolls of silence {!r}
 Q - 6 scrolls of immolation
 T - 3 scrolls of fog {!r}
Potions
 i - 21 potions of curing {@q1 !q}
 j - 10 potions of resistance
 l - 4 potions of berserk rage
 o - 12 potions of mutation
 x - 5 potions of invisibility
 z - 4 potions of enlightenment
 C - 10 potions of heal wounds {@q2 !q}
 F - 5 potions of magic
 G - 8 potions of cancellation
 I - 7 potions of ambrosia
 L - 7 potions of attraction
 N - 9 potions of lignification {@q6}
 P - 2 potions of haste {@q4 !q}
 S - 3 potions of might {@q3 !q}
Miscellaneous
 a - a tin of tremorstones (2/2)
   (You bought it in a shop on level 9 of the Dungeon)
 c - a sack of spiders
   (You found it in a Gauntlet)
 v - a phantom mirror
   (You bought it in a shop on level 9 of the Dungeon)
 O - a lightning rod (4/4)
   (You found it on level 11 of the Dungeon)
 R - a Gell's gravitambourine (1/2)
   (You bought it in a shop on level 9 of the Dungeon)


   Skills:
 + Level 23.3 Fighting
 - Level 3.0(11.6) Axes
 - Level 15.8(16.0) Maces & Flails
 O Level 27 Throwing
 - Level 20.0 Armour
 - Level 1.7 Spellcasting
 - Level 2.6 Conjurations
 - Level 0.1 Invocations
 - Level 20.0 Evocations


You had 29 spell levels left.
You didn't know any spells.
Your spell library contained the following spells:

 Spells                   Type           Power      Damage    Failure   Level
 Magic Dart               Conj           36%        1d4       85%         1
 Searing Ray              Conj           18%        2d5       94%         2
 Apportation              Tloc           2%         N/A       99%         1
 Freeze                   Ice            4%         1d3       99%         1
 Momentum Strike          Conj/Tloc      10%        3d8       99%         2
 Blink                    Tloc           2%         N/A       100%        2
 Call Imp                 Summ           2%         N/A       100%        2
 Ensorcelled Hibernation  Hex/Ice        2%         N/A       100%        2
 Jinxbite                 Hex            2%         N/A       100%        2
 Call Canine Familiar     Summ           1%         N/A       100%        3
 Dazzling Flash           Conj/Hex       10%        N/A       100%        3
 Frozen Ramparts          Ice            2%         1d1       100%        3
 Hailstorm                Conj/Ice       5%         3d5       100%        3
 Inner Flame              Hex/Fire       1%         N/A       100%        3
 Passwall                 Erth           1%         N/A       100%        3
 Sigil of Binding         Hex            1%         N/A       100%        3
 Summon Ice Beast         Ice/Summ       1%         N/A       100%        3
 Tukima's Dance           Hex            1%         N/A       100%        3
 Volatile Blastmotes      Fire/Tloc      2%         2d10      100%        3
 Animate Armour           Summ/Erth      2%         N/A       100%        4
 Cause Fear               Hex            0%         N/A       100%        4
 Dimensional Bullseye     Hex/Tloc       0%         N/A       100%        4
 Flame Wave               Conj/Fire      5%         2d5       100%        4
 Passage of Golubria      Tloc           1%         N/A       100%        4
 Iskenderun's Battlesphe  Conj           9%         2d6       100%        5
 Lee's Rapid Deconstruct  Erth           0%         3d4*      100%        5
 Metabolic Englaciation   Hex/Ice        0%         N/A       100%        5
 Summon Forest            Summ/Tloc      0%         N/A       100%        5
 Bombard                  Conj/Erth      2%         9d1       100%        6
 Gell's Gavotte           Tloc           0%         2d(11-16) 100%        6
 Permafrost Eruption      Ice/Erth       0%         2x4d1     100%        6
 Enfeeble                 Hex            0%         N/A       100%        7
 Malign Gateway           Summ/Tloc      0%         N/A       100%        7
 Spellforged Servitor     Conj/Summ      2%         N/A       100%        7
 Summon Hydra             Summ           0%         N/A       100%        7
 Ignition                 Fire           0%         3d3       100%        8
 Fire Storm               Conj/Fire      2%         8d1       100%        9
 Shatter                  Erth           0%         3d5*      100%        9
 Kiss of Death            Conj/Necr      Unusable   2d7       N/A         1
 Shock                    Conj/Air       Unusable   1d4       N/A         1
 Static Discharge         Conj/Air       Unusable   3-4/arc   N/A         2
 Cigotuvi's Dreadful Rot  Necr/Alch/Air  Unusable   N/A       N/A         2
 Mephitic Cloud           Conj/Alch/Air  Unusable   N/A       N/A         3
 Swiftness                Air            Unusable   N/A       N/A         3
 Airstrike                Air            Unusable   2d(1-17)  N/A         4
 Anguish                  Hex/Necr       Unusable   N/A       N/A         4
 Dispel Undead            Necr           Unusable   3d6       N/A         4
 Martyr's Knell           Necr/Summ      Unusable   N/A       N/A         4
 Sticky Flame             Fire/Alch      Unusable   2d4       N/A         4
 Vhi's Electric Charge    Tloc/Air       Unusable   N/A       N/A         4
 Irradiate                Conj/Alch      Unusable   3d12      N/A         5
 Eringya's Noxious Bog    Alch           Unusable   4d6       N/A         6
 Sculpt Simulacrum        Ice/Alch       Unusable   N/A       N/A         6
 Magnavolt                Erth/Air       Unusable   3d9       N/A         7
 Rimeblight               Ice/Necr       Unusable   2d3       (primaN/A   7
 Chain Lightning          Conj/Air       Unusable   3d3       N/A         9

Dungeon Overview and Level Annotations

Branches:
Dungeon (15/15)            Temple (1/1) D:5            Lair (5/5) D:11
  Swamp (4/4) Lair:2        Snake (4/4) Lair:2          Orc (2/2) D:11
    Elf (3/3) Orc:2        Vaults (5/5) D:13          Crypt (0/3) Vaults:3
 Depths (4/4) D:15            Zot (5/5) Depths:4      Sewer (visited)
 Bailey (visited)         Gauntlet (visited)
  Slime: Lair:4-5

Altars:
Ashenzari
Cheibriados
Dithmenos
Elyvilon
Fedhas
Gozag
Hepliaklqana
Kikubaaqudgha
Makhleb
Nemelex Xobeh
Okawaru
Qazlal
Ru
Sif Muna
Trog
Uskayaw
Vehumet
Wu Jian
Xom
Yredelemnul
Zin
The Shining One
Jiyva

Shops:
D:2 =   D:6 *   D:7 (   D:8 ?(   D:9 *   Orc:1 **(   Orc:2 [*:(   Elf:2 *
Elf:3 (   Snake:1 [   Snake:2 *:[[*   Vaults:3 *[   Vaults:4 ?   Vaults:5 ???
Depths:3 ?

Portals:
Hell: Depths:1 Depths:2 Depths:3 Depths:4
Abyss: Depths:1 Depths:3 Depths:4
Pandemonium: Depths:1 Depths:2 Depths:4
Ziggurat: Depths:3

Annotations:
Lair:4 exclusion: oklob plant
Snake:2 1 runed translucent door, exclusion: door, crabbyslav's ghost, adept MfAl
Orc:1 2 transporters
Elf:2 exclusion: orange crystal statue
Depths:2 1 runed translucent door, exclusion: door
Zot:5 1 transporter, exclusion: obsidian statue


Innate Abilities, Weirdness & Mutations

You do not regenerate when monsters are visible.
You sometimes lose the ability to drink potions when taking damage.
You sometimes lose the ability to read scrolls when taking damage.
You cannot be stealthy.
You cannot train Dodging skill.
You cannot study or cast Air magic.
You cannot study or cast Necromancy magic.
You cannot study or cast Alchemy magic.
You can wield a second weapon in your off-hand.
It takes a long time for you to wield or remove held weapons.
Your first few attacks do less damage.
You cannot equip rings or amulets.
You are partially covered in iridescent scales. (AC +2)
Armour fits poorly on your strangely shaped body.
Your magical capacity is low. (-10% MP)
You are strong-willed. (Will+)
You are weak. (Str -2)
Your health recovers twice as slowly from being drained.


Message History

Qak Ucsi comes into view.
Throw: 26 boomerangs
Press: ? - help, Q - select action, (/) - cycle Shift-Dir - straight line, f/p - soul eater
Aim: a soul eater (heavily wounded, 78% to hit)
You throw a boomerang.
The boomerang hits the soul eater but does no damage.
The soul eater is heavily wounded.
You redirect Qak Ucsi's attack!
There is an escape hatch in the ceiling here.
Really go through this one-way escape hatch?
A mysterious force pulls you upwards. The hatch slams shut behind you.
(D) Dungeon (T) Temple (L) Lair (S) Swamp (P) Snake Pit (O) Orcish Mines (E) Elven Halls (V) Vaults (C) Crypt (U) Depths (H) Hell (Z) Zot
Where to? (Tab/Enter - D:1 @ (x,y), ? - help)
There is a stone staircase leading up here.
You climb upwards.
There is a stone staircase leading down, spattered with blood here.
There is a stone staircase leading up here.
You climb upwards.
There is a stone staircase leading down here.
There is a stone staircase leading up here.
You climb upwards.
There is a stone staircase leading down here.
A rust devil comes into view.
Throw: 26 boomerangs
Press: ? - help, Q - select action, (/) - cycle Shift-Dir - straight line, f - rust devil
Aim: a rust devil (81% to hit)
You throw a boomerang. The boomerang hits the rust devil!!
The rust devil is heavily wounded.
Throw: 26 boomerangs
Press: ? - help, Q - select action, (/) - cycle Shift-Dir - straight line, f/p - rust devil
Aim: a rust devil (heavily wounded, 81% to hit)
You throw a boomerang.
The boomerang barely misses the rust devil.
Throw: 26 boomerangs
Press: ? - help, Q - select action, (/) - cycle Shift-Dir - straight line, f/p - rust devil
Aim: a rust devil (heavily wounded, 81% to hit)
You throw a boomerang. The boomerang hits the rust devil!
The rust devil is severely wounded.
Throw: 26 boomerangs
Press: ? - help, Q - select action, (/) - cycle Shift-Dir - straight line, f/p - rust devil
Aim: a rust devil (severely wounded, 81% to hit)
You throw a boomerang. The boomerang hits the rust devil!!!
You kill the rust devil!
(D) Dungeon (T) Temple (L) Lair (S) Swamp (P) Snake Pit (O) Orcish Mines (E) Elven Halls (V) Vaults (C) Crypt (U) Depths (H) Hell (Z) Zot
Where to? (Tab/Enter - D:1 @ (x,y), ? - help) HP restored.
There is an open door here.
There is an open door here.
A hell beast comes into view.
Unknown command.
Throw: 26 boomerangs
Press: ? - help, Q - select action, (/) - cycle Shift-Dir - straight line, f - hell beast
Aim: a hell beast (70% to hit)
You throw a boomerang. The boomerang hits the hell beast.
The hell beast is lightly wounded.
Throw: 26 boomerangs
Press: ? - help, Q - select action, (/) - cycle Shift-Dir - straight line, f/p - hell beast
Aim: a hell beast (lightly wounded, 70% to hit)
You throw a boomerang. The boomerang hits the hell beast.
The hell beast is lightly wounded.
Throw: 26 boomerangs
Press: ? - help, Q - select action, (/) - cycle Shift-Dir - straight line, f/p - hell beast
Aim: a hell beast (lightly wounded, 70% to hit)
You throw a boomerang. The boomerang hits the hell beast!!
The hell beast is moderately wounded.
You hit the hell beast with your +9 demon whip of chaos.
The hell beast is heavily wounded.
You hit the hell beast with the +0 demon whip of Duibutt.
The hell beast is poisoned.
The hell beast closely misses you.
The hell beast tramples you but does no damage.
You thrash the hell beast with the +0 demon whip of Duibutt!!
The hell beast looks as sick as possible!
The hell beast is almost dead.
You miss the hell beast with your +9 demon whip of chaos.
You hit the hell beast but do no damage.
The hell beast looks as sick as possible!
The hell beast is almost dead.
You miss the hell beast with your +9 demon whip of chaos.
The hell beast is stunned by your conviction and fails to attack.
You whack the hell beast with your +9 demon whip of chaos!
The hell beast is almost dead.
You miss the hell beast with the +0 demon whip of Duibutt.
You kill the hell beast!
(D) Dungeon (T) Temple (L) Lair (S) Swamp (P) Snake Pit (O) Orcish Mines (E) Elven Halls (V) Vaults (C) Crypt (U) Depths (H) Hell (Z) Zot
Where to? (Tab/Enter - D:1 @ (x,y), ? - help)
There is a stone staircase leading up here.
You climb upwards.
There is a stone staircase leading down here.
There is an open door here.
There is a stone staircase leading up here.
You climb upwards.
There is a stone staircase leading down here.
There is a staircase leading out of the dungeon here.
You have escaped!

...#####.........#####......(....
.....##.................###....#.
..................####.## ##...#.
....................##.# #.....
.......÷.....######.##.# #.#...
............#.#.#.#....## #.....
#.........÷..#.#.#.#....# ###.#.
##...##.....#.#.#.#.###.#### #.#.
########..#.#.#@#.## #....# #.##
#####...##.#.#.#.# ####.###.#
#.......#.#.#.#.## #..#..#
#......###.#.#.#.# ##.#.##
#.........#.#.#.## ####.#.##
#......#......### #.......#
############### #.......#
#.......# #########


There were no monsters in sight!

Vanquished Creatures
  2 dread liches
  5 orbs of fire
  An ancient lich (Vaults:5)
  2 juggernauts (Depths:3)
  Bai Suzhen (Elf:3)
  Sojobo (Depths:2)
  A shard shrike (Zot:3)
  A Killer Klown (Zot:5)
  Margery (Vaults:5)
  10 golden dragons
  A profane servitor (D:9)
  A bone dragon (Swamp:4)
  A Brimstone Fiend (Zot:2)
  5 hellephants
  22 tentacled monstrosities
  Mlioglotl (Swamp:2)
  5 electric golems
  A walking crystal tome (Depths:3)
  8 Orb Guardians (Zot:5)
  4 liches
  4 quicksilver dragons
  6 titans (Vaults:5)
  An ancient champion (Vaults:3)
  A searing wretch (Vaults:5)
  An Executioner (Abyss:2)
  12 death cobs
  Gastronok (Lair:3)
  3 deep elf master archers
  7 sphinxes
  A thorn hunter (Swamp:4)
  Aizul (Swamp:3)
  Roxanne (Elf:3)
  9 storm dragons
  Donald (Elf:2)
  8 tengu reavers
  15 shadow dragons
  2 draconian monks (Zot:1)
  A fenstrider witch (Swamp:4)
  3 protean progenitors
  4 nagarajas (Snake:4)
  3 iron dragons
  7 draconian knights
  3 draconian shifters (Zot:3)
  3 frost giants
  11 deep elf sorcerers
  5 fire giants
  14 vault wardens
  5 ghost moths
  8 draconian scorchers
  3 ghouls
  6 deep elf elementalists (Elf:3)
  2 cacodemons (Depths:4)
  An angel (Zot:2)
  3 orc warlords
  23 ironbound preservers
  20 stone giants
  2 spriggan defenders
  13 very ugly things
  A draconian stormcaller (Depths:4)
  4 draconian annihilators
  15 green draconians
  5 deep elf demonologists
  5 ironbound thunderhulks
  A vampire knight (Depths:3)
  5 formless jellyfish
  5 eleionomae
  A lorocyproca (Abyss:2)
  4 bunyips
  20 dire elephants
  9 deep elf annihilators
  A minotaur (Gauntlet)
  11 black draconians
  4 deep elf death magi
  12 purple draconians
  16 red draconians
  9 yellow draconians
  13 white draconians
  16 spark wasps
  6 war gargoyles
  Snorg (Lair:5)
  11 fire dragons
  2 blizzard demons
  10 ettins
  16 yaktaur captains
  3 crystal guardians
  A rakshasa (D:15)
  7 deep elf high priests (Elf:3)
  3 salamander tyrants
  An entropy weaver (Vaults:2)
  7 ice dragons
  2 shambling mangroves (Swamp:3)
  7 great orbs of eyes
  29 vault guards
  4 peacekeepers
  2 spriggan air magi (Depths:4)
  The ghost of GeoRichter the Genius of the Arcane, a journeyman DsFE of Sif Muna (D:8)
  23 hydras
  2 radroaches (Zot:3)
  7 anacondas
  A hell beast (D:3)
  9 alligators
  12 ironbound frosthearts
  8 boulder beetles
  An ogre mage (D:14)
  2 death knights
  15 centaur warriors
  4 ghost crabs
  38 dancing weapons
  2 deep troll shamans
  7 two-headed ogres
  8 deep troll earth magi
  4 death yaks (Lair:3)
  16 naga sharpshooters
  2 thrashing horrors (Abyss:2)
  2 hell hogs (Depths:1)
  A vampire mage (Vaults:3)
  6 tengu warriors
  A shock serpent (shapeshifter) (Depths:2)
  7 spriggan berserkers
  6 orc high priests
  5 occultists
  5 shock serpents
  16 naga warriors
  9 skeletal warriors
  16 deep elf knights
  2 hell knights (Vaults:5)
  A spectral death yak (Lair:2)
  2 goliath frogs
  2 sixfirhies
  14 salamander mystics
  13 iron trolls
  A wretched star (Abyss:2)
  4 sea snakes
  61 deep trolls
  5 deep elf archers
  3 glowing orange brains
  2 flayed ghosts
  9 arcanists
  5 death drakes
  A deep troll (shapeshifter) (Depths:3)
  2 spriggan druids
  2 shadow demons (Depths:2)
  7 bog bodies
  10 naga ritualists
  15 mana vipers
  4 spectral alligators (Swamp:4)
  A glowing orange brain (shapeshifter) (Depths:2)
  3 wolf spider zombies
  5 necromancers
  16 orc knights
  3 spectral hydras (Swamp:4)
  A snapping turtle (shapeshifter) (Vaults:5)
  Pikel (D:4)
  2 harpies
  2 lindwurms (shapeshifter) (Vaults:5)
  7 swamp dragons
  6 thermic dynamos
  9 lindwurms
  2 obsidian bats
  18 deep elf zephyrmancers
  15 ironbound convokers
  An oklob plant (Lair:3)
  5 large abominations (Abyss:2)
  6 orc sorcerers
  7 phantasmal warriors
  A wolf spider (shapeshifter) (Vaults:5)
  30 ugly things
  28 deep elf pyromancers
  2 cyclopes
  A shadow dragon skeleton (Vaults:1)
  17 moths of wrath
  5 will-o-the-wisps
  22 salamanders
  A moth of wrath (shapeshifter) (Vaults:5)
  9 elephants (Lair:5)
  5 manticores
  8 naga magi
  30 black mambas
  25 vault sentinels
  An elephant (shapeshifter) (Vaults:5)
  A worldbinder (Abyss:2)
  6 meliai (Depths:2)
  3 water nymphs (shapeshifter)
  9 centaur zombies
  4 rust devils
  Joseph (D:8)
  3 kobold blastminers
  A gargoyle (D:12)
  A guardian serpent (Elf:3)
  An orange demon (Abyss:2)
  A cane toad (shapeshifter) (Abyss:2)
  2 unseen horrors
  7 cane toads
  2 rime drakes
  A smoke demon (Abyss:2)
  3 freezing wraiths
  8 komodo dragons
  28 yaktaurs
  An ancient zyme (Abyss:2)
  6 tengu conjurers
  An elf skeleton (Vaults:1)
  3 swamp worm zombies (Swamp:4)
  4 hydra zombies (Swamp:4)
  A red devil (D:10)
  3 polar bears (shapeshifter)
  2 bloated husks (Swamp:4)
  A queen bee (Depths:2)
  7 trolls
  5 tyrant leeches
  10 polar bears
  A wolf spider simulacrum (D:14)
  2 jumping spiders (Vaults:2)
  17 hornets
  A raiju (shapeshifter) (D:13)
  A merfolk (shapeshifter) (Vaults:5)
  A dream sheep (shapeshifter) (Vaults:5)
  Prince Ribbit (D:9)
  13 dream sheep
  17 blink frogs
  2 spectral swamp dragons (Swamp:4)
  2 glass eyes
  An air elemental (Elf:2)
  2 centaur simulacra (Gauntlet)
  23 spriggans
  27 slime creatures
  Sigmund (D:4)
  A frost giant simulacrum (Vaults:4)
  13 water elementals
  4 vampires
  7 wyverns
  3 wraiths
  4 shadows
  3 ynoxinuls
  49 yaks
  5 tyrant leech zombies (Swamp:4)
  A basilisk (D:14)
  6 wargs
  3 fire elementals
  8 humans (D:13)
  A redback (Vaults:2)
  2 steam dragons
  4 vampire mosquitoes
  17 swamp worms
  A hydra simulacrum (Gauntlet)
  A small abomination (Abyss:2)
  22 nagas
  A spectral cane toad (Lair:2)
  Duvessa (D:5)
  3 swamp dragon zombies (Swamp:4)
  15 water moccasins
  A hornet zombie (D:14)
  A spectral polar bear (Lair:2)
  A spectral blink frog (Lair:2)
  An elf simulacrum (Vaults:1)
  2 sky beasts
  6 swamp drakes
  A deep troll simulacrum (Vaults:1)
  A laughing skull (Abyss:2)
  6 black bears
  53 orc warriors
  5 ogres
  5 boggarts (Lair:5)
  22 wolves
  4 centaurs
  9 phantoms
  3 lemures (D:4)
  A kobold brigand (D:9)
  10 bullfrogs
  A spectral water moccasin (Lair:2)
  5 scorpions
  Blork the orc (D:4)
  A human skeleton (Vaults:1)
  A hornet simulacrum (Gauntlet)
  Dowan (D:5)
  10 wights
  A spectral wolf (Lair:2)
  3 howler monkeys
  18 electric eels
  2 bombardier beetles
  5 hounds
  A jelly (D:6)
  2 gnoll boudas
  17 orc priests
  An iron imp (Abyss:2)
  2 boggart zombies
  A sleepcap (D:7)
  Natasha (thrice) (D:3)
  6 iguanas
  21 orc wizards
  7 hell rats (Lair:1)
  A boggart simulacrum (Gauntlet)
  14 gnolls
  2 river rats (D:3)
  7 adders
  A shadow imp (D:6)
  5 white imps
  5 ufetubi
  2 ribbon worms
  A dart slug (D:2)
  80 orcs
  8 ball pythons
  6 endoplasms
  5 giant cockroaches
  15 goblins
  16 hobgoblins
  2 quokkas
  6 bats
  4 frilled lizards
  18 kobolds
  9 rats
2115 creatures vanquished.

Vanquished Creatures (collateral kills)
  A caustic shrike (Depths:3)
  A quicksilver dragon (Zot:4)
  A shadow dragon (Zot:4)
  A frost giant (Depths:2)
  A draconian shifter (Zot:3)
  A draconian annihilator (Zot:3)
  A red draconian (Zot:3)
  A black draconian (Zot:2)
  A spark wasp (Zot:2)
  A deep elf annihilator (Elf:3)
  2 yellow draconians
  A purple draconian (Zot:3)
  A vault guard (D:13)
  A death knight (D:14)
  An iron troll (Depths:2)
  A moth of wrath (Zot:2)
  An orc warrior (Orc:1)
  An orc wizard (Orc:1)
  4 orcs
23 creatures vanquished.

Vanquished Creatures (others)
  A tentacled monstrosity (Zot:1)
  A draconian monk (Depths:4)
  A vault warden (Vaults:1)
  A ghost moth (Zot:2)
  A stone giant (Depths:4)
  A yellow draconian (Zot:3)
  A green draconian (Zot:2)
  A red draconian (Zot:3)
  A fire dragon (D:14)
  A centaur warrior (Vaults:4)
  A dancing weapon (Depths:2)
  A thrashing horror (Abyss:2)
  A spriggan (Swamp:1)
  2 orc knights
  An ironbound convoker (Vaults:1)
  2 deep elf zephyrmancers
  2 lightning spires (Depths:2)
  A necromancer (Depths:3)
  A black mamba (Snake:1)
  A tengu conjurer (Depths:3)
  2 bloated husks (Swamp:4)
  A hornet (Swamp:1)
  A slime creature (D:12)
  2 water elementals
  A wraith (D:12)
  A wyvern (Lair:2)
  A yak (D:7)
  2 swamp worms
  A centaur (D:14)
  2 orcs
  2 butterflies
  16 foxfires
  A spectral weapon (Depths:3)
56 creatures vanquished.

Grand Total: 2194 creatures vanquished

Notes
Turn   | Place    | Note
-------+----------+-------------------------------------------
     0 | D:1      | EnegeticOcto the Coglin Reaver began the quest for the Orb.
     0 | D:1      | Reached XP level 1. HP: 16/16 MP: 3/3
   128 | D:1      | Reached skill level 1 in Stealth
   153 | D:1      | Reached XP level 2. HP: 22/22 MP: 4/4
   332 | D:1      | Reached skill level 2 in Stealth
   542 | D:2      | Found Gocueps's Jewellery Shop.
   565 | D:2      | Reached XP level 3. HP: 24/27 MP: 5/5
  1126 | D:2      | Reached skill level 3 in Stealth
  1160 | D:2      | Reached XP level 4. HP: 30/31 MP: 6/6
  1564 | D:2      | Reached skill level 3 in Fighting
  1910 | D:3      | Noticed Natasha
  1982 | D:3      | Reached XP level 5. HP: 30/41 MP: 7/7
  2030 | D:3      | Found a glowing drain.
  2034 | Sewer    | Entered a sewer
  2044 | D:3      | Reached skill level 1 in Maces & Flails
  2595 | D:3      | Reached skill level 2 in Maces & Flails
  2898 | D:4      | Reached XP level 6. HP: 31/48 MP: 8/8
  2903 | D:4      | Reached skill level 4 in Fighting
  3099 | D:4      | Reached skill level 3 in Maces & Flails
  3171 | D:4      | Found an ancient bone altar of Kikubaaqudgha.
  3375 | D:4      | Noticed Blork the orc
  3379 | D:4      | Killed Blork the orc
  3523 | D:4      | Noticed Pikel
  3646 | D:4      | Identified the +2 cloak "Dyrraxoc" {rElec rPois rC-}
  3813 | D:4      | Noticed Sigmund
  3905 | D:4      | Killed Pikel
  3906 | D:4      | Reached skill level 6 in Maces & Flails
  3906 | D:4      | Reached XP level 7. HP: 28/54 MP: 9/9
  3906 | D:4      | Reached XP level 8. HP: 31/60 MP: 10/10
  4111 | D:3      | Killed Natasha
  4264 | D:3      | Found a faded altar of an unknown god.
  4283 | D:3      | Found a faded altar of an unknown god.
  4495 | D:3      | Noticed Natasha
  4503 | D:3      | Killed Natasha
  4677 | D:3      | Noticed Natasha
  4685 | D:3      | Killed Natasha
  4816 | D:5      | Entered Level 5 of the Dungeon
  4828 | D:4      | Reached skill level 7 in Maces & Flails
  4889 | D:5      | Found a hazy altar of Hepliaklqana.
  5659 | D:5      | Found a staircase to the Ecumenical Temple.
  5665 | Temple   | Entered the Ecumenical Temple
  5691 | Temple   | Became a worshipper of Ru the Awakened
  5997 | D:5      | Noticed Duvessa
  5997 | D:5      | Noticed Dowan
  6314 | D:6      | Reached skill level 5 in Fighting
  6314 | D:6      | Reached skill level 8 in Maces & Flails
  6493 | D:6      | Reached XP level 9. HP: 62/68 MP: 11/11
  6743 | D:6      | Found a sparkling altar of Nemelex Xobeh.
  6775 | D:6      | Found Biem's Assorted Antiques.
  6779 | D:6      | Bought a scroll labelled NEPSEC MIBRE for 28 gold pieces
  6779 | D:6      | Bought 2 scrolls of identify for 112 gold pieces
  6779 | D:6      | Bought a silvery potion for 25 gold pieces
  6782 | D:6      | Gained mutation: You are partially covered in iridescent
                  | scales. (AC +2) [potion of mutation]
  6782 | D:6      | Gained mutation: You are strong-willed. (Will+) [potion of
                  | mutation]
  6815 | D:6      | Noticed a two-headed ogre
  7162 | D:7      | Reached skill level 9 in Maces & Flails
  7218 | D:7      | Found a burning altar of Makhleb.
  7237 | D:7      | Found a snail-covered altar of Cheibriados.
  7239 | D:7      | Gained mutation: You cannot train Dodging skill. [Ru
                  | sacrifice]
  7239 | D:7      | Reduced skill Dodging to level 0
  7239 | D:7      | Reached * piety under Ru
  7308 | D:7      | Reached skill level 6 in Fighting
  7458 | D:7      | Found a broken altar of Ashenzari.
  7458 | D:7      | Found an ornate altar of the Wu Jian Council.
  7868 | D:7      | Found Bisehuw's Antique Weapon Shop.
  8045 | D:7      | Reached skill level 10 in Maces & Flails
  8089 | D:7      | Found a glowing silver altar of Zin.
  8089 | D:7      | Noticed an angel
  8336 | D:8      | Reached skill level 7 in Fighting
  8443 | D:8      | Reached XP level 10. HP: 72/79 MP: 12/12
  8770 | D:7      | Reached skill level 11 in Maces & Flails
  9150 | D:8      | Found a runed translucent door.
  9156 | D:8      | Noticed GeoRichter's ghost (journeyman DsFE)
  9255 | D:8      | Found Eskol's Antique Weapon Shop.
  9362 | D:8      | Found Laluemir's Magic Scroll Emporium.
  9375 | D:8      | Bought a scroll of fear for 44 gold pieces
  9375 | D:8      | Bought a scroll of immolation for 44 gold pieces
  9375 | D:8      | Bought a scroll of identify for 22 gold pieces
  9375 | D:8      | Bought a scroll of identify for 22 gold pieces
  9377 | D:8      | Bought a scroll of identify for 22 gold pieces
  9538 | D:8      | Reached skill level 8 in Fighting
  9538 | D:8      | Reached skill level 1 in Evocations
  9597 | D:8      | Noticed Joseph
  9615 | D:8      | Killed Joseph
  9616 | D:8      | Reached skill level 2 in Evocations
  9716 | D:8      | Found a blossoming altar of Fedhas.
  9854 | D:4      | Killed Sigmund
  9857 | D:4      | Reached skill level 3 in Evocations
  9924 | D:5      | Killed Dowan
  9926 | D:5      | Killed Duvessa
 10237 | D:9      | Found a flagged portal.
 10264 | D:9      | Noticed a two-headed ogre
 10275 | D:9      | Killed a two-headed ogre
 10276 | D:9      | Reached skill level 12 in Maces & Flails
 10276 | D:9      | Reached skill level 4 in Evocations
 10283 | Bailey   | Entered a bailey
 10630 | Bailey   | Noticed an orc knight
 10653 | Bailey   | Killed an orc knight
 10654 | Bailey   | Reached skill level 5 in Evocations
 10654 | Bailey   | Reached XP level 11. HP: 62/86 MP: 13/13
 10908 | Bailey   | Noticed an orc knight
 10930 | Bailey   | Killed an orc knight
 11126 | Bailey   | Gained mutation: You occasionally lose the ability to read
                  | scrolls when taking damage. [Ru sacrifice]
 11126 | Bailey   | Gained mutation: You sometimes lose the ability to read
                  | scrolls when taking damage. [Ru sacrifice]
 11126 | Bailey   | Reached ** piety under Ru
 11126 | Bailey   | Reached *** piety under Ru
 11144 | Bailey   | Noticed an orc knight
 11162 | Bailey   | Killed an orc knight
 11163 | Bailey   | Reached skill level 13 in Maces & Flails
 11402 | Bailey   | Acquired the +0 demon whip of Duibutt {venom, rElec rF+
                  | Will++}
 11432 | Bailey   | Noticed an orc knight
 11441 | Bailey   | Killed an orc knight
 11568 | Bailey   | Identified the +0 storm dragon scales of the Enchanted
                  | Forest {rElec Int+4}
 11576 | Bailey   | Noticed an orc high priest
 11593 | Bailey   | Killed an orc high priest
 11598 | Bailey   | Noticed an orc sorcerer
 11607 | Bailey   | Killed an orc sorcerer
 11981 | Bailey   | Found an iron altar of Okawaru.
 12207 | D:9      | Found Ummiaw's Gadget Gallery.
 12431 | D:9      | Noticed Prince Ribbit
 12479 | D:9      | Killed Prince Ribbit
 12674 | D:9      | Reached skill level 1 in Armour
 13057 | D:10     | Entered Level 10 of the Dungeon
 13078 | D:10     | Reached skill level 14 in Maces & Flails
 13449 | D:6      | Bought a pair of embroidered boots for 210 gold pieces
 13677 | D:10     | Reached skill level 2 in Armour
 13757 | D:10     | Found a shadowy altar of Dithmenos.
 14456 | D:11     | Found a staircase to the Lair.
 14457 | D:11     | Noticed a manticore
 14464 | D:11     | Killed a manticore
 14531 | D:11     | Noticed a red ugly thing
 14538 | D:11     | Killed a red ugly thing
 14539 | D:11     | Reached XP level 12. HP: 94/94 MP: 14/14
 14557 | D:11     | Noticed a two-headed ogre
 14565 | D:11     | Killed a two-headed ogre
 14566 | D:11     | Reached skill level 3 in Armour
 14740 | D:11     | Found a staircase to the Orcish Mines.
 14808 | D:11     | Reached skill level 9 in Fighting
 14989 | D:11     | Gained mutation: You do not regenerate when monsters are
                  | visible. [Ru sacrifice]
 15470 | Lair:1   | Entered Level 1 of the Lair of Beasts
 15755 | Lair:1   | Identified the +2 pair of boots of Puleis Moun {rF- rCorr
                  | Int+5}
 15793 | Lair:1   | Reached skill level 4 in Armour
 15852 | Lair:1   | Reached skill level 15 in Maces & Flails
 15924 | Lair:1   | Reached skill level 6 in Evocations
 16643 | Lair:2   | Found a gate leading to a gauntlet.
 16646 | Lair:2   | Noticed a five-headed hydra
 16648 | Gauntlet | Entered a Gauntlet
 16648 | Gauntlet | Found a transporter.
 16661 | Gauntlet | Found a transporter.
 16672 | Gauntlet | Found a transporter.
 16677 | Gauntlet | Found a transporter.
 16683 | Gauntlet | Noticed a hell hog
 16692 | Gauntlet | Found a transporter.
 16708 | Gauntlet | Found a transporter.
 16723 | Gauntlet | Found a transporter.
 16732 | Gauntlet | Noticed a death scarab
 16735 | Gauntlet | Found a transporter.
 16735 | Gauntlet | Noticed a death scarab
 16747 | Gauntlet | Found a transporter.
 16759 | Gauntlet | Found a transporter.
 16760 | Gauntlet | Found the amulet of the Four Winds {rN+ Will+++ Clar}
 16765 | Gauntlet | Found a transporter.
 16765 | Gauntlet | Found a transporter.
 16804 | Gauntlet | Found a transporter.
 16829 | Gauntlet | Found a transporter.
 16833 | Gauntlet | Found a transporter.
 16833 | Gauntlet | Found a transporter.
 16855 | Gauntlet | Found a transporter.
 16935 | Gauntlet | Found a transporter.
 17578 | Gauntlet | Reached skill level 5 in Armour
 17621 | Gauntlet | Reached skill level 7 in Evocations
 17724 | Gauntlet | Identified the +2 pair of gloves of Hikhased {Will+ Dex+2}
 17872 | Gauntlet | Identified the +5 battleaxe "Maahitsa" {drain, rC+ rCorr
                  | Str-2 Int+2}
 17872 | Gauntlet | Identified the ring of the Blushing Gods {Fire *Slow rElec
                  | Int+4 Stlth+}
 17872 | Gauntlet | Noticed a minotaur
 17882 | Gauntlet | Killed a minotaur
 17883 | Gauntlet | Reached XP level 13. HP: 79/103 MP: 15/15
 17953 | Gauntlet | Identified the ring of Bekefi {rF+ rCorr MP+9 Int+2}
 17967 | Lair:2   | Reached skill level 10 in Fighting
 18138 | Lair:2   | Gained mutation: You occasionally lose the ability to drink
                  | potions when taking damage. [Ru sacrifice]
 18138 | Lair:2   | Gained mutation: You sometimes lose the ability to drink
                  | potions when taking damage. [Ru sacrifice]
 18138 | Lair:2   | Reached **** piety under Ru
 18138 | Lair:2   | Reached ***** piety under Ru
 18564 | Lair:2   | Reached skill level 8 in Evocations
 18645 | Lair:2   | Found a staircase to the Snake Pit.
 19045 | Lair:2   | Reached skill level 6 in Armour
 19444 | Lair:2   | Found a staircase to the Swamp.
 19580 | Lair:3   | Noticed Gastronok
 19806 | Lair:3   | Reached skill level 9 in Evocations
 19970 | Lair:3   | Killed Gastronok
 19971 | Lair:3   | Reached skill level 11 in Fighting
 20382 | Lair:3   | Reached skill level 7 in Armour
 20389 | Lair:3   | Reached skill level 10 in Evocations
 20822 | D:9      | Bought a Gell's gravitambourine (2/2) for 480 gold pieces
 21097 | Lair:4   | Reached XP level 14. HP: 113/113 MP: 16/16
 21254 | Lair:4   | Identified the +7 falchion "Izxuged" {antimagic, ^Contam
                  | rElec Int+2 Stlth+}
 21343 | Lair:4   | Identified the +6 scale mail "Jeru" {rPois rN+ Dex-4
                  | Slay+2}
 22051 | Lair:4   | Found a viscous altar of Jiyva.
 22224 | Lair:5   | Entered Level 5 of the Lair of Beasts
 22224 | Lair:5   | Noticed Snorg
 22228 | Lair:4   | Acquired a recursive booster {rPois rCorr Slay+3 Clar RMsl}
 22315 | Lair:5   | Reached skill level 11 in Evocations
 22383 | Lair:5   | Reached skill level 8 in Armour
 22664 | Lair:5   | Reached skill level 12 in Fighting
 23475 | Lair:5   | Reached skill level 12 in Evocations
 23660 | Lair:5   | Killed Snorg
 24151 | Lair:5   | Reached skill level 9 in Armour
 24585 | Orc:1    | Entered Level 1 of the Orcish Mines
 24585 | Orc:1    | Noticed a juggernaut
 24585 | Orc:1    | Found a transporter.
 24585 | Orc:1    | Found a transporter.
 24585 | Orc:1    | Found a transporter.
 24585 | Orc:1    | Found a sparkling altar of Nemelex Xobeh.
 24623 | Orc:1    | Found Qeforghife's General Store.
 24689 | Orc:1    | Gained mutation: You cannot be stealthy. [Ru sacrifice]
 24689 | Orc:1    | Reduced skill Stealth to level 0
 24697 | Orc:1    | Noticed an orc warlord
 24716 | Orc:1    | Killed an orc warlord
 24748 | Orc:1    | Reached skill level 13 in Evocations
 24884 | Orc:1    | Reached skill level 13 in Fighting
 24945 | Orc:1    | Found Juqics's Assorted Antiques.
 24958 | Orc:1    | Found a transporter.
 24958 | Orc:1    | Found a transporter.
 24958 | Orc:1    | Found a transporter.
 25121 | Orc:1    | Found Icodyfeigg's Weapon Boutique.
 25168 | Orc:2    | Entered Level 2 of the Orcish Mines
 25168 | Orc:2    | Found Omo Bych's Antique Weapon Emporium.
 25194 | Orc:1    | Reached XP level 15. HP: 113/123 MP: 17/17
 25911 | Orc:2    | Found a staircase to the Elven Halls.
 25942 | Orc:2    | Reached skill level 10 in Armour
 26259 | Orc:2    | Found Zempeyj's Book Shop.
 26308 | Orc:2    | Found Xeoguysa's General Store.
 26336 | Orc:2    | Found Geyd's Antique Armour Boutique.
 26557 | Orc:1    | Reached skill level 14 in Evocations
 26853 | D:8      | Bought a scroll of brand weapon for 104 gold pieces
 26923 | D:9      | Bought a tin of tremorstones (2/2) for 480 gold pieces
 26923 | D:9      | Bought a phantom mirror for 480 gold pieces
 27141 | D:12     | Gained mutation: You cannot study or cast Air magic. [Ru
                  | sacrifice]
 27141 | D:12     | Gained mutation: You cannot study or cast Alchemy magic.
                  | [Ru sacrifice]
 27141 | D:12     | Gained mutation: You cannot study or cast Necromancy magic.
                  | [Ru sacrifice]
 27141 | D:12     | Reached ****** piety under Ru
 27956 | D:13     | Reached skill level 14 in Fighting
 28034 | D:13     | Found a gate to the Vaults.
 28525 | D:14     | Reached skill level 15 in Evocations
 28681 | D:14     | Reached skill level 11 in Armour
 29044 | D:14     | Reached XP level 16. HP: 92/134 MP: 18/18
 29888 | D:14     | Reached skill level 15 in Fighting
 30240 | D:14     | Reached skill level 12 in Armour
 30888 | D:15     | Entered Level 15 of the Dungeon
 31121 | D:15     | Found a staircase to the Depths.
 32030 | Snake:1  | Entered Level 1 of the Snake Pit
 32956 | Snake:1  | Reached skill level 16 in Fighting
 33116 | Snake:1  | Found Butuaxefo's Armour Emporium.
 33258 | Snake:1  | Identified the ring of Cewn {Str+6 Int+4}
 33317 | Snake:2  | Found Kipalam's General Store.
 33330 | Snake:1  | Reached skill level 13 in Armour
 33615 | Snake:2  | Found Mukul's Book Shop.
 33638 | Snake:2  | Reached XP level 17. HP: 99/144 MP: 19/19
 33639 | Snake:2  | Reached skill level 16 in Evocations
 33753 | Snake:2  | Found Eja Raul's Antique Armour Boutique.
 33753 | Snake:2  | Found Yritrumu's Antique Armour Shop.
 33758 | Snake:2  | Found Reatoil's General Store.
 33799 | Snake:2  | Found a runed translucent door.
 33800 | Snake:2  | Noticed crabbyslav's ghost (adept MfAl)
 35612 | D:8      | Killed GeoRichter's ghost
 36719 | Snake:3  | Identified the +5 quarterstaff "Eviscerator" {freeze, rElec
                  | Will+}
 36820 | Snake:3  | Reached skill level 17 in Evocations
 37281 | Snake:3  | Reached skill level 17 in Fighting
 37570 | Snake:4  | Entered Level 4 of the Snake Pit
 37933 | Snake:4  | Reached skill level 14 in Armour
 38976 | Snake:4  | Identified the +7 chain mail "Icwitz" {rC+}
 39242 | Snake:2  | Bought a brightly glowing plate armour for 1036 gold pieces
 39242 | Snake:2  | Identified the +1 plate armour of Ignis's Grace {rPois
                  | Regen+ Int+2 Dex-2} (You bought it in a shop on level 2 of
                  | the Snake Pit)
 40000 | Snake:4  | Reached XP level 18. HP: 118/155 MP: 20/20
 40016 | Snake:4  | Reached skill level 18 in Evocations
 41688 | Snake:4  | Got a serpentine rune of Zot
 42189 | Swamp:1  | Entered Level 1 of the Swamp
 43397 | Swamp:2  | Reached skill level 18 in Fighting
 43398 | Swamp:2  | Noticed Mlioglotl
 43613 | Swamp:2  | Reached skill level 15 in Armour
 43779 | Swamp:2  | Killed Mlioglotl
 44151 | Swamp:2  | Noticed Frances
 44155 | Swamp:2  | Frances changed into Frances the six-headed hydra
 44155 | Swamp:2  | Noticed Frances
 44160 | Swamp:2  | Killed Frances the six-headed hydra
 44168 | Swamp:2  | Reached skill level 19 in Evocations
 45067 | Swamp:3  | Identified the serpent talisman of Douruo {rElec rN++ Int-4
                  | Stlth+}
 45067 | Swamp:3  | Noticed Aizul
 45347 | Swamp:3  | Killed Aizul
 46907 | Swamp:4  | Entered Level 4 of the Swamp
 47449 | Swamp:4  | Reached XP level 19. HP: 165/165 MP: 21/21
 47462 | Swamp:4  | Reached skill level 19 in Fighting
 47555 | Swamp:4  | Identified the +8 chain mail "Nigruth" {rF+}
 47571 | Swamp:4  | Noticed Nikola
 47573 | Swamp:4  | Nikola changed into Nikola the fenstrider witch
 47573 | Swamp:4  | Noticed Nikola
 47583 | Swamp:4  | Killed Nikola the fenstrider witch
 48612 | Swamp:4  | Reached skill level 20 in Evocations
 48928 | Swamp:4  | Noticed a bone dragon
 48932 | Swamp:4  | Reached skill level 16 in Armour
 48959 | Swamp:4  | Killed a bone dragon
 49197 | Swamp:4  | Got a decaying rune of Zot
 49458 | Orc:2    | Reached skill level 20 in Fighting
 49480 | Elf:1    | Entered Level 1 of the Elven Halls
 49820 | Elf:1    | Found a hide-covered altar of Uskayaw.
 50245 | Elf:1    | Found a radiant altar of Vehumet.
 50604 | Elf:1    | Acquired 809 gold pieces
 50812 | Snake:2  | Bought a spiked plate armour for 1148 gold pieces
 50812 | Snake:2  | Identified the +4 plate armour "Gaojiff" {rN++ Int-4
                  | Stlth+} (You bought it in a shop on level 2 of the Snake
                  | Pit)
 50821 | Snake:2  | Bought a glowing helmet for 277 gold pieces
 51303 | Elf:2    | Reached skill level 17 in Armour
 51558 | Elf:2    | Found Junog's General Store.
 51710 | Elf:2    | Got Sif Muna's Volume of Sand
 51717 | Elf:2    | Got Ts'ui Pên's Elucidation of Forking Paths
 51880 | Elf:2    | Got the Handbook of Axaxaxas mlö
 52127 | Elf:2    | Found a runed translucent gate.
 52127 | Elf:2    | Found a runed translucent gate.
 52127 | Elf:2    | Found a runed translucent gate.
 52528 | Elf:2    | Noticed Donald
 52544 | Elf:2    | Killed Donald
 53204 | Elf:2    | Reached skill level 18 in Armour
 53313 | Elf:2    | Reached XP level 20. HP: 163/176 MP: 22/22
 53539 | Elf:3    | Entered Level 3 of the Elven Halls
 53767 | Elf:3    | Noticed Roxanne
 53774 | Elf:3    | Found Vifaly's Antique Weapon Shoppe.
 53809 | Elf:3    | Noticed Bai Suzhen
 54012 | Elf:3    | Killed Bai Suzhen
 54525 | Elf:3    | Identified the +1 leather armour "Luedunn" {Will+ MP+9}
 54526 | Elf:3    | Identified the +4 war axe of EnegeticOcto's Peril {freeze,
                  | Dex+2}
 54736 | Elf:3    | Killed Roxanne
 54967 | Elf:3    | Reached skill level 19 in Armour
 55914 | Abyss:2  | Cast into level 2 of the Abyss (deep elf demonologist)
 56277 | Elf:3    | Escaped the Abyss
 56877 | Elf:3    | Identified the +8 plate armour of Hivaown {rElec Str+3
                  | Int+5 Dex+2}
 57362 | Elf:3    | Reached skill level 20 in Armour
 57760 | Elf:3    | Reached skill level 1 in Throwing
 58649 | Elf:3    | Reached skill level 2 in Throwing
 58976 | Elf:3    | Identified the +1 orcbow of Idalumm {speed, rC++ Will+}
 58980 | Elf:3    | Got the Anthology of the Vertex
 59030 | Elf:3    | Reached skill level 3 in Throwing
 59406 | Elf:3    | Bought a glowing morningstar for 217 gold pieces
 59597 | Orc:1    | Got the Enchiridion on Polar Jinxing
 59599 | Orc:1    | Identified the +8 flail of Moderation {pain, rPois rC+
                  | rCorr Stlth-}
 60952 | Depths:1 | Entered Level 1 of the Depths
 61103 | Vaults:1 | Entered Level 1 of the Vaults
 61190 | Vaults:1 | Reached skill level 4 in Throwing
 61195 | Vaults:1 | Reached XP level 21. HP: 94/185 MP: 23/23
 61408 | Vaults:1 | Reached skill level 21 in Fighting
 61775 | Vaults:1 | Reached skill level 5 in Throwing
 62067 | Vaults:1 | Identified the +3 ring mail "Diuddoq" {Slay+6 Stlth+}
 62264 | Vaults:1 | Reached skill level 6 in Throwing
 63096 | Vaults:1 | Reached skill level 7 in Throwing
 63779 | Vaults:2 | Reached skill level 22 in Fighting
 63802 | Vaults:2 | Reached skill level 8 in Throwing
 64824 | Vaults:2 | Reached skill level 9 in Throwing
 65081 | Vaults:2 | Reached XP level 22. HP: 166/198 MP: 24/24
 65273 | Vaults:2 | Paralysed by a formless jellyfish for 1 turns
 66192 | Vaults:3 | Reached skill level 10 in Throwing
 66254 | Vaults:3 | Noticed Zenata
 66261 | Vaults:3 | Zenata changed into Zenata the shadow dragon
 66261 | Vaults:3 | Noticed Zenata
 66268 | Vaults:3 | Killed Zenata the shadow dragon
 66317 | Vaults:3 | Found a staircase to the Crypt.
 66642 | Vaults:3 | Found Plog's Armour Emporium.
 66657 | Vaults:3 | Reached skill level 23 in Fighting
 66914 | Vaults:3 | Paralysed by a formless jellyfish for 1 turns
 67121 | Vaults:3 | Found Tonkaeto's General Store.
 67163 | Vaults:3 | Reached skill level 11 in Throwing
 67236 | Vaults:3 | Paralysed by a formless jellyfish for 1 turns
 67866 | Vaults:3 | Paralysed by a formless jellyfish for 1 turns
 67992 | Vaults:4 | Reached skill level 12 in Throwing
 68424 | Vaults:4 | Reached skill level 13 in Throwing
 68794 | Vaults:4 | Found Waarughu's Magic Scroll Shoppe.
 68798 | Vaults:4 | Bought a scroll of blinking for 105 gold pieces
 69789 | D:15     | Reached skill level 14 in Throwing
 69789 | D:15     | Reached XP level 23. HP: 167/206 MP: 25/25
 71099 | Depths:1 | Found a shimmering blue altar of Sif Muna.
 71130 | Depths:1 | Reached skill level 15 in Throwing
 71357 | Depths:1 | Found a glowing silver altar of Zin.
 71360 | Depths:1 | Found a white marble altar of Elyvilon.
 71361 | Depths:1 | Found a glowing golden altar of the Shining One.
 71779 | Depths:1 | Found a gateway to Hell.
 71862 | Depths:1 | Found a one-way gate to the infinite horrors of the Abyss.
 71871 | Depths:1 | Found a one-way gate leading to the halls of Pandemonium.
 72222 | Depths:2 | Found a runed translucent door.
 72329 | Depths:2 | Noticed Sojobo
 72340 | Depths:2 | Killed Sojobo
 72368 | Depths:2 | Identified the +0 leather armour of Muef {rC+}
 72666 | Depths:2 | Reached skill level 16 in Throwing
 72832 | Depths:2 | Identified the +4 broad axe of Pijach {antimagic, *Noise
                  | Int+6}
 73490 | Depths:2 | Found a sparkling altar of Nemelex Xobeh.
 74348 | Depths:3 | Reached skill level 17 in Throwing
 74375 | Depths:3 | Noticed a caustic shrike
 74381 | Depths:3 | Killed a caustic shrike
 74823 | Depths:3 | Noticed a juggernaut
 74834 | Depths:3 | Killed a juggernaut
 74956 | Depths:3 | Got the Incunabulum of Shivering Correspondence
 75246 | Depths:3 | Identified the +5 trident "Gokh" {pain, rF++}
 75308 | Depths:3 | Noticed a juggernaut
 75325 | Depths:3 | Killed a juggernaut
 75326 | Depths:3 | Reached skill level 18 in Throwing
 75326 | Depths:3 | Reached XP level 24. HP: 143/187 MP: 25/25
 75533 | Depths:3 | Found Surghius's Magic Scroll Shoppe.
 75537 | Depths:3 | Bought a scroll of blinking for 120 gold pieces
 75537 | Depths:3 | Bought a scroll of brand weapon for 152 gold pieces
 75586 | Depths:3 | Found a basalt altar of Yredelemnul.
 75586 | Depths:3 | Found a radiant altar of Vehumet.
 75943 | Vaults:4 | Bought a scroll of brand weapon for 133 gold pieces
 76264 | D:8      | Bought a scroll of brand weapon for 104 gold pieces
 76597 | Depths:3 | Found a one-way gateway to a ziggurat.
 76704 | Depths:3 | Found a white marble altar of Elyvilon.
 76754 | Depths:3 | Found a hide-covered altar of Uskayaw.
 76755 | Depths:3 | Found a shimmering altar of Xom.
 76756 | Depths:3 | Found a shimmering altar of Xom.
 76757 | Depths:3 | Found a shadowy altar of Dithmenos.
 76928 | Depths:4 | Entered Level 4 of the Depths
 76967 | Depths:4 | Found a flickering gateway to a bazaar.
 76986 | Bazaar   | Entered a bazaar
 76986 | Bazaar   | Found Sorubiq's Distillery.
 76986 | Bazaar   | Found Relusmea's Antique Armour Emporium.
 77004 | Bazaar   | Found Otoefypn's Distillery.
 77020 | Bazaar   | Found Kaav's Book Emporium.
 77024 | Bazaar   | Bought a jewelled helmet for 190 gold pieces
 77024 | Bazaar   | Identified the +0 helmet "Feakhlasch" {SInv} (You bought it
                  | in a shop in a bazaar)
 77044 | Bazaar   | Bought a potion of might for 28 gold pieces
 77044 | Bazaar   | Bought a potion of mutation for 56 gold pieces
 77044 | Bazaar   | Bought a potion of cancellation for 56 gold pieces
 77044 | Bazaar   | Bought a potion of heal wounds for 35 gold pieces
 77044 | Bazaar   | Bought a potion of heal wounds for 35 gold pieces
 77044 | Bazaar   | Bought a potion of curing for 21 gold pieces
 77044 | Bazaar   | Bought a potion of curing for 21 gold pieces
 77048 | Bazaar   | Bought a potion of haste for 120 gold pieces
 77048 | Bazaar   | Bought a potion of heal wounds for 60 gold pieces
 77863 | Depths:4 | Found a gate to the Realm of Zot.
 77941 | Depths:4 | Reached skill level 19 in Throwing
 79538 | Depths:4 | Found a blossoming altar of Fedhas.
 79892 | Vaults:5 | Entered Level 5 of the Vaults
 79938 | Vaults:5 | Noticed a dread lich
 79949 | Vaults:5 | Killed a dread lich
 79974 | Vaults:5 | Reached skill level 20 in Throwing
 81233 | Vaults:5 | Upgraded the game from 0.32-a0-968-g61e5eb5241 to
                  | 0.32-a0-975-g85d4e5bfdb
 81959 | Vaults:5 | Reached skill level 21 in Throwing
 82257 | Vaults:5 | Reached XP level 25. HP: 200/221 MP: 25/25
 82726 | Vaults:5 | Found Ximu's Magic Scroll Shoppe.
 82804 | Vaults:5 | Got a silver rune of Zot
 82896 | Vaults:5 | Found Xisu's Magic Scroll Emporium.
 82896 | Vaults:5 | Found Sioc's Magic Scroll Boutique.
 82900 | Vaults:5 | Bought a scroll of enchant armour for 157 gold pieces
 82900 | Vaults:5 | Bought a scroll of silence for 199 gold pieces
 82900 | Vaults:5 | Bought a scroll of teleportation for 63 gold pieces
 82907 | Vaults:5 | Bought a scroll of silence for 142 gold pieces
 83197 | Vaults:5 | Noticed an ancient lich
 83211 | Vaults:5 | Killed an ancient lich
 83383 | Vaults:5 | Noticed Margery
 83402 | Vaults:5 | Killed Margery
 83403 | Vaults:5 | Reached skill level 22 in Throwing
 84434 | Zot:1    | Entered Level 1 of the Realm of Zot
 85454 | Zot:1    | Identified the +10 hand axe "Felaof" {protect, rElec rN+
                  | MP+9}
 85866 | Zot:1    | Identified the maw talisman "Ripru" {rF+}
 86131 | Zot:2    | Reached skill level 23 in Throwing
 88131 | Zot:2    | Reached XP level 26. HP: 218/228 MP: 25/25
 88337 | Zot:2    | Reached skill level 24 in Throwing
 88434 | Zot:3    | Noticed an orb of fire
 88452 | Zot:3    | Killed an orb of fire
 88727 | Zot:3    | Found a snail-covered altar of Cheibriados.
 88889 | Zot:3    | Found the +4 dragonskin cloak {Aegis}
 88889 | Zot:3    | Noticed Tiamat
 88893 | Zot:3    | Tiamat changed into Tiamat the shard shrike
 88893 | Zot:3    | Noticed Tiamat
 88911 | Zot:3    | Killed Tiamat the shard shrike
 89575 | Zot:3    | Reached skill level 25 in Throwing
 91618 | Zot:5    | Entered Level 5 of the Realm of Zot
 91626 | Zot:5    | Found a transporter.
 91733 | Zot:5    | Reached skill level 26 in Throwing
 92436 | Zot:5    | Noticed an orb of fire
 92449 | Zot:5    | Gained mutation: Your magical capacity is low. (-10% MP)
                  | [an orb of fire]
 92450 | Zot:5    | Gained mutation: Your health recovers twice as slowly from
                  | being drained. [an orb of fire]
 92455 | Zot:5    | Killed an orb of fire
 93054 | Zot:5    | Reached XP level 27. HP: 195/235 MP: 23/23
 94221 | Zot:5    | Noticed an orb of fire
 94238 | Zot:5    | Killed an orb of fire
 94242 | Zot:5    | Noticed an orb of fire
 94248 | Zot:5    | Gained mutation: Armour fits poorly on your strangely
                  | shaped body. [an orb of fire]
 94249 | Zot:5    | Gained mutation: You are weak. (Str -2) [an orb of fire]
 94250 | Zot:5    | Killed an orb of fire
 94376 | Zot:5    | Noticed a dread lich
 94381 | Zot:5    | Killed a dread lich
 94392 | Zot:5    | Reached skill level 27 in Throwing
 94464 | Zot:5    | Noticed an orb of fire
 94487 | Zot:5    | Killed an orb of fire
 94499 | Zot:5    | Noticed an orb of fire
 94499 | Zot:5    | Noticed a dread lich
 94504 | Zot:5    | Got the Orb of Zot
 94505 | Zot:5    | Noticed an orb of fire
 94505 | Zot:5    | Noticed an orb of fire
 94505 | Zot:5    | Noticed an orb of fire
 94505 | Zot:5    | Noticed an orb of fire
 94506 | Zot:5    | Noticed an orb of fire
 94508 | Zot:5    | Noticed a dread lich
 94508 | Zot:5    | Noticed an orb of fire
 94739 | Depths:2 | Noticed Tenlip the pandemonium lord
 94782 | D:15     | Noticed Veutrasi the pandemonium lord
 94933 | D:7      | Noticed Qak Ucsi the pandemonium lord
 95075 | D:$      | Escaped with the Orb!

Illustrated notes

Levels and vault maps discovered:
D:1:      lightli_arrival_chessboard, layout_rooms
D:2:      minmay_diamond_boxcup, layout_basic, serial_shops,
          nicolae_shop_tiny_statue_garden
D:3:      layout_basic, mainiacjoe_sewer_entry_somewhere_in_here_2,
          basic_ecumenical_altar, uniq_natasha
D:4:      nicolae_cairo_tiling_large, layout_rooms,
          lemuel_coloured_pillars_altar, uniq_pikel, uniq_blork_the_orc,
          uniq_sigmund
D:5:      layout_layer_cave, nicolae_hepliaklqana_hazy_memory,
          minmay_temple_entry_hall, minmay_misc_feat_roman, uniq_duvessa
D:6:      minmay_chambers_of_fours, layout_basic,
          nemelex_xobeh_ov_fountains_minmay, serial_shops, shop,
          chequers_serial_rivers_room_a, feat_on_display
D:7:      minmay_skewed_foursquare, layout_rooms, mainiacjoe_overflow_paths,
          mainiacjoe_overflow_alcove_1, gammafunk_temple_overflow_statue,
          zin_angel, serial_shops, nicolae_shop_temple_entry_statues_fountains
D:8:      layout_basic, mainiacjoe_overflow_alcove_2, serial_shops,
          nicolae_shop_advertising_works [nicolae_subvault_shop_adworks], shop,
          hellmonk_ghost_big_iron, uniq_joseph
D:9:      layout_basic, enter_bailey_3, nicolae_shop_gadgets,
          uniq_prince_ribbit1
D:10:     layout_basic, grunt_dithmenos_smoke,
          serial_library_hellmonk_long_bookcase, nrook_pool_corridor,
          corexii_hall_statues_u
D:11:     layout_basic, lair_entry_dummy, orc_david_3, dk_noncrumbling_2
D:12:     layout_rooms
D:13:     layout_basic, ximxim_vaults_locker_room
D:14:     minmay_chambers_of_sevens, layout_cave_pools, kennysheep_path_1,
          serial_undead, serial_undead_f, serial_undead_c, serial_undead_e,
          serial_undead_d, serial_undead_d, serial_undead_d, serial_undead_c,
          serial_undead_b
D:15:     grunt_enter_depths_magical_seal, layout_cave_pods, minmay_microvault
Temple:   chequers_temple_sunken
Lair:1:   layout_layer_cave, lemuel_old_faithful, lemuel_fruit_fields,
          grunt_megastairs_5, serial_bayou_shore_a, infiniplex_staircase_pool_2
Lair:2:   layout_chaotic_city, nicolae_swamp_entry_spooky,
          guppyfry_snake_entry_island, gauntlet_entry_generic
Lair:3:   layout_long_grid, uniq_gastronok
Lair:4:   layout_cave_pods, minmay_slime_entry_oklob_enclosed,
          serial_bayou_shore_b, grunt_megastairs_2
Lair:5:   minmay_lair_end_enchanted_forest, layout_long_grid,
          chequers_serial_rivers_micro_c, chequers_serial_rivers_large_a,
          chequers_serial_rivers_large_b, serial_bayou_pond_c,
          infiniplex_staircase_pool, uniq_snorg
Swamp:1:  layout_basic_swamp, nicolae_swamp_well_well_well, swamp_pool_3,
          st_swamp_ruins_2, nicolae_swamp_decorative_isthmus
Swamp:2:  layout_basic_swamp, nicolae_swamp_long_stream,
          nicolae_swamp_tree_isthmus, uniq_mlioglotl, uniq_frances
Swamp:3:  layout_falls_marsh, hangedman_swamp_pad, st_swamp_mini, uniq_aizul
Swamp:4:  swamp_pestilence, layout_basic_swamp, swamp_pool_4,
          nicolae_swamp_drake_lake, uniq_nikola
Snake:1:  layout_onion, serial_shops, nicolae_shop_tiny_statue_garden,
          nicolae_snake_snake_lake, serial_bayou_lagoon_a, lemuel_fruit_tree
Snake:2:  cheibrodos_snake_lava_hold, layout_cave_shapes, serial_shops, shop,
          ebering_ghost_reflecting_pool, minmay_shoptagon
Snake:3:  layout_cave_pods
Snake:4:  snake_pit, layout_layer_cave, serial_bayou_pond_b, grunt_megastairs_3,
          nicolae_triple_integral
Orc:1:    layout_diamond_mine, serial_shops, nicolae_shop_trees,
          nicolae_shop_real_fake_doors, shop_statue, special_room
          [special_room_orc], hellmonk_jugg_or_not
Orc:2:    grunt_orc_gardens, layout_caves, grunt_orc_garden, grunt_orc_garden,
          grunt_orc_garden, grunt_orc_garden
Elf:1:    eino_elf_arrival_the_gate, layout_loops_corners, basic_altar,
          nicolae_elf_altarnating
Elf:2:    elven_hall_of_blades_hangedman_original [mumra_blade_entry_bloodbath],
          layout_geoelf_octagon, serial_shops, shop, grunt_ministairs_13,
          minivault_16, bh_hangedman_babel_library, uniq_donald
Elf:3:    minmay_elf_hall_four_x, layout_geoelf_octagon, serial_shops, shop,
          serial_sigils, serial_sigils_hangedman_gut,
          serial_sigils_hangedman_leer, serial_sigils_hangedman_scar,
          serial_sigils_hangedman_gut, fake_guardian_serpent_vault,
          uniq_roxanne, uniq_bai_suzhen
Vaults:1: hangedman_vaults_stream, nicolae_vaults_network_quinsquares
          [nicolae_vaults_network_quincunx_subvault,
          nicolae_vaults_network_quincunx_subvault,
          nicolae_vaults_network_quincunx_subvault,
          nicolae_vaults_network_quincunx_subvault], vaults_dpeg_diagonal,
          v_rooms_6, nicolae_vaults_prndl, nicolae_vaults_storage_closets_1,
          vaults_dpeg_ring, ontoclasm_vaults_pinch, nicolae_vaults_apartment_2,
          vaults_room_corners, nicolae_vaults_oval_intersection,
          nicolae_vaults_little_squares_6, layout_vaults_big_room
Vaults:2: nicolae_vaults_big_angled_halls, vaults_room_boxed,
          dpeg_vaults_pockets_of_resistance, nicolae_vaults_apartment_1,
          v_misc_15, vaults_standard_mumra_x, v_pattern_5,
          nicolae_vaults_tetromino_Z_1, layout_vaults_quadrants
Vaults:3: minmay_crypt_entry_simple_corners, hangedman_vaults_stitches,
          nicolae_vaults_trapezoid_4, dpeg_vaults_monster_box,
          nicolae_vaults_circle_grid_b, grunt_vaults_trifunnel,
          ontoclasm_vaults_fault, vaults_room_ringed_pool,
          nicolae_vaults_taking_the_gang_shopping,
          vaults_room_grunt_arrival_ludios,
          nicolae_vaults_windows_and_doors_thing, v_misc_14,
          layout_vaults_omnicross, serial_shops, shop, uniq_zenata
Vaults:4: serial_ice_m, hangedman_vaults_trim, vaults_dpeg_doors, v_misc_25,
          v_misc_19, v_misc_22, v_misc_30, nicolae_vaults_tetromino_L_1,
          vaults_room_stairs_pillars, nicolae_vaults_layer_cake_slice,
          v_misc_19, nicolae_vaults_alarming, layout_vaults_maze_snakey,
          serial_shops, nicolae_shop_pleasant_corner_grove
Vaults:5: uniq_margery
Depths:1: layout_cave_shapes, nicolae_abyss_entry_one_way_or_another,
          serial_bayou, serial_bayou_ford_a, serial_bayou_pond_c,
          serial_bayou_pond_a, serial_bayou_pond_c, grunt_hell_horde,
          good_gods_temple_1, pan_entry, hangedman_decor_riveting, led_sif_pool
Depths:2: regret_index_nemelex_summoning_deck_glade, layout_basic,
          rand_demon_pan_entry_5, pf_coc_iceberg, dk_noncrumbling_4,
          hangedman_aerie_drop, uniq_sojobo
Depths:3: evilmike_diamond_1, layout_cave_pools, enter_ziggurat_c, serial_shops,
          shop_fountains, grunt_hell_entry_dis_grunt, doesnt_xom_only_xom,
          abyss_entry, grunt_decor_arrowhead, nicolae_elyvilon_peaceful_grove
Depths:4: grunt_x_marks_the_spot, layout_gridlike, abyss_entry, serial_shops,
          bzr_entry_lakeside, rand_demon_pan_entry_4, pf_hell_entry_tar_spiral,
          fedhas_altar_4
Zot:1:    layout_twisted_circle, regret_index_zotdec_stipple_waver
Zot:2:    layout_cathedral_of_symmetry, regret_index_zotdec_under_construction,
          grunt_ministairs_3, bh_zot_lava_cross, st_stairs_14
Zot:3:    layout_gridlike, st_stairs_1, regret_index_zotdec_serpentine_scales,
          st_small_dragon_hoard_1, uniq_tiamat
Zot:4:    nicolae_moth_party, layout_misc_corridors, grunt_megastairs_4
Zot:5:    layout_gridlike, nicolae_diode_basic

Skill      XL: |  1  2  3  4  5  6  7  8  9 10 11 12 13 14 15 16 17 18 19 20 21 22 23 24 25 26 27 |
---------------+----------------------------------------------------------------------------------+-----
Stealth        | 1 2 3 0 |  0.0
Fighting       | 3 4 5 7 8 9 11 13 14 16 17 18 20 22 23 | 23.3
Maces & Flails | 2 6 8 10 12 14 15 | 15.8
Dodging        | 0 |  0.0
Evocations     | 5 7 10 13 15 17 19 20 | 20.0
Armour         | 2 5 7 9 11 13 14 15 18 20 | 20.0
Throwing       | 4 9 14 18 21 23 26 27 | 27.0
Axes           | |  3.0
Spellcasting   | |  1.7
Conjurations   | |  2.6
Invocations    | |  0.1

Action                     |  1- 3 |  4- 6 |  7- 9 | 10-12 | 13-15 | 16-18 | 19-21 | 22-24 | 25-27 || total
---------------------------+-------+-------+-------+-------+-------+-------+-------+-------+-------++-------
  Melee: Hand axe          |    63 |    99 |       |       |       |       |       |       |       ||   162
         Dagger            |    20 |       |       |       |       |       |       |       |       ||    20
         Whip              |    43 |   160 |   600 |   201 |       |       |       |       |       ||  1004
         Flail             |       |    36 |       |       |       |       |       |       |       ||    36
         Morningstar       |       |       |    37 |   576 |   888 |  1088 |  1298 |   783 |       ||  4670
         Demon whip        |       |       |       |   352 |   867 |  1041 |  1284 |  1809 |  2138 ||  7491
  Throw: Dart              |       |     3 |    12 |     7 |     8 |       |       |     4 |       ||    34
         Javelin           |       |       |       |       |       |       |    18 |     7 |    10 ||    35
         Boomerang         |       |       |       |       |       |       |       |    22 |   145 ||   167
   Cast: Kiss of Death     |     1 |       |       |       |       |       |       |       |       ||     1
 Invoke: Sacrifice Nimblen |       |       |     1 |       |       |       |       |       |       ||     1
         Draw Out Power    |       |       |       |     1 |     1 |     2 |     6 |     5 |     1 ||    16
         Sacrifice Words   |       |       |       |     1 |       |       |       |       |       ||     1
         Sacrifice Purity  |       |       |       |     1 |       |       |       |       |       ||     1
         Sacrifice Drink   |       |       |       |       |     1 |       |       |       |       ||     1
         Power Leap        |       |       |       |       |     6 |     4 |     5 |     4 |     5 ||    24
         Sacrifice Stealth |       |       |       |       |     1 |       |       |       |       ||     1
         Reject Sacrifices |       |       |       |       |     1 |       |       |       |       ||     1
         Sacrifice Arcana  |       |       |       |       |     1 |       |       |       |       ||     1
         Apocalypse        |       |       |       |       |       |       |     1 |     1 |     1 ||     3
Ability: Invent Gizmo      |       |       |       |       |     1 |       |       |       |       ||     1
  Evoke: Wand              |       |       |     1 |     9 |    12 |    10 |    11 |     7 |    35 ||    85
         Lightning rod     |       |       |       |     4 |     2 |       |     4 |     4 |       ||    14
         Sack of spiders   |       |       |       |       |     2 |     1 |     1 |     2 |     2 ||     8
         Gell's gravitambo |       |       |       |       |     1 |       |     3 |       |     1 ||     5
         Tin of tremorston |       |       |       |       |     2 |     5 |     6 |     5 |     2 ||    20
         Phantom mirror    |       |       |       |       |       |       |       |     1 |     1 ||     2
    Use: Scroll            |     1 |     2 |     7 |    13 |     8 |     5 |     6 |    15 |    19 ||    76
         Potion            |       |     6 |     1 |     2 |       |       |       |     4 |     9 ||    22
   Stab: Sleeping          |     1 |     6 |     7 |     1 |       |       |       |       |       ||    15
         Distracted        |       |       |       |     2 |     3 |     1 |     8 |     6 |     4 ||    24
         Invisible         |       |       |       |     4 |     3 |    22 |    13 |    29 |    18 ||    89
         Paralysed         |       |       |       |       |     4 |     1 |     4 |     7 |    20 ||    36
         Confused          |       |       |       |       |     2 |       |       |     2 |    25 ||    29
         Held in net/web   |       |       |       |       |       |       |       |     2 |       ||     2
         Petrifying        |       |       |       |       |       |       |       |       |     5 ||     5
 Armour: Leather armour    |    44 |   102 |   161 |   122 |       |       |       |       |       ||   429
         Skin              |       |     4 |       |       |       |       |       |       |       ||     4
         Storm dragon scal |       |       |       |   267 |   154 |       |       |       |       ||   421
         Scale mail        |       |       |       |       |   417 |   571 |       |       |       ||   988
         Chain mail        |       |       |       |       |       |   357 |  1028 |  1319 |    79 ||  2783
         Gold dragon scale |       |       |       |       |       |       |       |       |   889 ||   889
  Dodge: Dodged            |    40 |    95 |    84 |   147 |   185 |   254 |   286 |   395 |   132 ||  1618
         Repelled          |       |       |       |       |    20 |    74 |    86 |    74 |    89 ||   343

Table legend: (Time is in decaauts)
 A = Elapsed time spent in this place.
 B = Non-inter-level travel time spent in this place.
 C = Inter-level travel time spent in this place.
 D = Time resting spent in this place.
 E = Time spent auto-exploring this place.
 F = Levels seen in this place.
 G = Mean time per level.
                   A        B        C        D        E       F      G
               +--------+--------+--------+--------+--------+-----+--------+
         Total |  92966 |  84112 |   8854 |  27072 |  41722 |  53 | 1754.1 |
       Dungeon |  22621 |  18429 |   4192 |   4331 |   9893 |  15 | 1508.1 |
        Temple |     46 |     33 |     13 |      0 |      0 |   1 |   46.0 |
          Lair |   8435 |   7044 |   1391 |   1184 |   4701 |   5 | 1687.0 |
         Swamp |   7227 |   6856 |    371 |   3183 |   2575 |   4 | 1806.8 |
     Snake Pit |   9191 |   8705 |    486 |   4024 |   3518 |   4 | 2297.8 |
  Orcish Mines |   2296 |   2046 |    250 |    471 |   1105 |   2 | 1148.0 |
   Elven Halls |   9068 |   8661 |    407 |   4620 |   2834 |   3 | 3022.7 |
        Vaults |  12864 |  11723 |   1141 |   2548 |   7005 |   5 | 2572.8 |
        Depths |   8175 |   7808 |    367 |   2141 |   4465 |   4 | 2043.8 |
           Zot |   9469 |   9235 |    234 |   2749 |   5053 |   5 | 1893.8 |
         Abyss |    327 |    327 |      0 |     25 |      0 |   1 |  327.0 |
        Bazaar |     69 |     69 |      0 |      0 |     38 |   1 |   69.0 |
         Sewer |      7 |      7 |      0 |      0 |      0 |   1 |    7.0 |
        Bailey |   1864 |   1864 |      0 |   1145 |    179 |   1 | 1864.0 |
      Gauntlet |   1301 |   1301 |      0 |    645 |    355 |   1 | 1301.0 |
               +--------+--------+--------+--------+--------+-----+--------+

Top non-repeatable levels by time:
   Elf:3: 5240 daAuts
 Snake:4: 4046 daAuts
Vaults:5: 3880 daAuts
Depths:4: 2929 daAuts
   Zot:5: 2789 daAuts
Vaults:1: 2650 daAuts
    D:15: 2633 daAuts
   Zot:2: 2433 daAuts
   Elf:2: 2422 daAuts
    D:14: 2403 daAuts
Vaults:2: 2333 daAuts
Vaults:3: 2226 daAuts
 Swamp:4: 2183 daAuts
  Lair:2: 2177 daAuts
  Lair:5: 2172 daAuts

Table legend:
 A = Kills in this place as a percentage of kills in the entire game.
 B = Kills by you in this place as a percentage of kills by you in the entire game.
 C = Kills by friends in this place as a percentage of kills by friends in the entire game.
 D = Other kills in this place as a percentage of other kills in the entire game.
 E = Experience gained in this place as a percentage of experience gained in the entire game.
 F = Experience gained in this place divided by the number of levels of this place that you have seen.
                   A       B       C       D       E      F
               +-------+-------+-------+-------+-------+----------------------
         Total | 100.0 | 100.0 | 100.0 | 100.0 | 100.0 | 24687.9
       Dungeon |  20.0 |  20.1 |  17.4 |  20.0 |   7.8 | 6770.4
          Lair |   9.6 |   9.8 |   0.0 |   3.3 |   4.1 | 10717.4
         Swamp |   7.5 |   7.5 |   0.0 |  13.3 |   6.4 | 20999.0
     Snake Pit |   8.1 |   8.2 |   0.0 |   3.3 |   7.6 | 24846.8
  Orcish Mines |   5.1 |   5.1 |  17.4 |   0.0 |   1.8 | 11562.0
   Elven Halls |   7.7 |   7.7 |   4.3 |   6.7 |   9.7 | 42250.7
        Vaults |  19.5 |  19.8 |   0.0 |  16.7 |  25.5 | 66780.0
        Depths |   9.0 |   8.9 |  13.0 |  16.7 |  14.2 | 46392.2
           Zot |   9.8 |   9.4 |  47.8 |  13.3 |  21.3 | 55783.6
         Abyss |   1.2 |   1.2 |   0.0 |   3.3 |   1.0 | 13430.0
        Bailey |   1.8 |   1.9 |   0.0 |   0.0 |   0.4 | 5354.0
      Gauntlet |   0.6 |   0.6 |   0.0 |   3.3 |   0.2 | 2887.0
               +-------+-------+-------+-------+-------+----------------------
